 Dungeon Crawl Stone Soup version 0.23.2-30-g0e89c35649 (webtiles) character file.

Game seed: 4977571305761298577

21 Masnef the Magician (level 2, 0/17 HPs)
             Began as an Octopode Wizard on June 24, 2019.
             Slain by a worm (6 damage)
             ... on level 2 of the Dungeon.
             The game lasted 00:01:06 (872 turns).

Masnef the Magician (Octopode Wizard)                Turns: 872, Time: 00:01:08

Health: 0/17       AC:  1    Str:  6    XL:     2   Next: 87%
Magic:  6/6        EV: 13    Int: 20    God:
Gold:   39         SH:  0    Dex: 10    Spells: 6/7 levels left

rFire    . . .     SeeInvis .     - Unarmed
rCold    . . .     Gourm    .   (no shield)
rNeg     . . .     Faith    .   a - +0 hat
rPois    .         Spirit   .   (no amulet)
rElec    .         Reflect  .   (no ring)
rCorr    .         Harm     .   (no ring)
MR       .....                  (no ring)
Stlth    +++.......             (no ring)
HPRegen  0.05/turn              (no ring)
MPRegen  0.10/turn              (no ring)
                                (no ring)
                                (no ring)

@: lethally poisoned (0 -> -5)
A: almost no armour, stealthy swim, amphibious, 8 rings, constrict 8, camouflage
1, gelatinous body 1
a: no special abilities


You were on level 2 of the Dungeon.
You were not hungry.

You visited 1 branch of the dungeon, and saw 2 of its levels.

You collected 39 gold pieces.

Inventory:

Armour
 a - a +0 hat (worn)
Scrolls
 b - a scroll of immolation {unknown}
 e - a scroll of remove curse {unknown}
 i - a scroll of amnesia {unknown}
 j - a scroll of identify {unknown}
Potions
 d - a potion of brilliance {unknown}
 f - a potion of cancellation {unknown}
 g - a potion of haste {unknown}
 k - a potion of heal wounds {unknown}
 l - a potion of magic {unknown}
Comestibles
 c - 2 rations


   Skills:
 - Level 2.0 Dodging
 - Level 2.8 Stealth
 + Level 2.3 Unarmed Combat
 - Level 3.0 Spellcasting
 - Level 1.0 Conjurations
   Level 1.0 Summonings
   Level 1.0 Translocations


You had 6 spell levels left.
You knew the following spells:

 Your Spells              Type           Power        Failure   Level  Hunger
a - Magic Dart            Conj           #...         10%         1    None

Your spell library contained the following spells:

 Spells                   Type           Power        Failure   Level  Hunger
 Blink                    Tloc           N/A          14%         2    ##.....
 Call Imp                 Summ           #.......     14%         2    ##.....
 Slow                     Hex            #.......     22%         2    ##.....
 Conjure Flame            Conj/Fire      #.......     34%         3    ###....
 Mephitic Cloud           Conj/Pois/Air  #.......     36%         3    ###....


Dungeon Overview and Level Annotations

Branches:
Dungeon (2/15)

Altars:


Innate Abilities, Weirdness & Mutations

You cannot wear most types of armour.
You are very stealthy in the water. (Stealth+)
You are amphibious.
You can wear up to eight rings at the same time.
You can use your tentacles to constrict eight enemies at once.
Your skin changes colour to match your surroundings (Stealth+).
Your rubbery body absorbs attacks. (AC +1, EV +1)


Message History

You tentacle-slap the adder but do no damage.
Your grab misses the adder. The adder barely misses you.
You barely miss the adder. Your grab misses the adder. The adder bites you.
You are poisoned.
The adder poisons you!
A leopard gecko comes into view.
The adder barely misses you.
You closely miss the adder.
The leopard gecko hisses angrily.
You grab the adder. You squeeze the adder.
The adder is moderately wounded.
You constrict the adder.
You feel sick. The adder bites you.
You are too injured to fight recklessly!
You are too injured to fight recklessly!
You tentacle-slap the adder. You squeeze the adder.
You kill the adder!
Your Unarmed Combat skill increases to level 2!
The bat closely misses you.
You feel sick. The bat closely misses you. The worm bites you.
You die...

.≈≈≈ ..≈≈
...≈≈ ..≈≈≈
⌠...l≈ ....b.#
......w#######
#.@).)†.#
#######.#
#######.###.##
.......<.....#
###.###..##..#
#..# # #..#
#..# ...#


You could see a worm, a leopard gecko and a bat.

Vanquished Creatures
  An adder (D:2)
  A ball python (D:1)
  3 bats
  2 goblins (D:2)
  A kobold (D:1)
  A frilled lizard (D:1)
  3 rats (D:1)
12 creatures vanquished.

Notes
Turn   | Place    | Note
-------+----------+-------------------------------------------
     0 | D:1      | Masnef the Octopode Wizard began the quest for the Orb.
     0 | D:1      | Reached XP level 1. HP: 11/11 MP: 4/4
   422 | D:1      | Reached skill level 1 in Unarmed Combat
   590 | D:1      | Reached XP level 2. HP: 13/17 MP: 6/6
   872 | D:2      | Slain by a worm

Skill      XL: |  1  2 |
---------------+-------+-----
Unarmed Combat | 1 2 |  2.3
Dodging        | |  2.0
Stealth        | |  2.8
Spellcasting   | |  3.0
Conjurations   | |  1.0
Summonings     | |  1.0
Translocations | |  1.0

Action                   || total
-------------------------++-------
Melee: Unarmed           ||    33
       Constrict         ||     7
       Tentacles         ||     3
 Stab: Sleeping          ||     4
Armor: Skin              ||     4
Dodge: Dodged            ||    25
